 Dungeon Crawl Stone Soup version 0.30-b1-2-g02819fbbbe (webtiles) character file.

Game seed: 8829436112951016401

32181 ketsa the Protected (level 13, -13/121 HPs)
             Began as an Armataur Fighter on May 22, 2023.
             Was a High Priest of Okawaru.
             Killed from afar by Jorgrun (25 damage)
             ... with an iron shot
             ... while petrified by Jorgrun
             ... on level 12 of the Dungeon.
             The game lasted 00:44:47 (15947 turns).

ketsa the Protected (Armataur Fighter)             Turns: 15947, Time: 00:44:48

Health: -13/121    AC: 17    Str: 25    XL:     13   Next: 30%
Magic:  13/13      EV: -2    Int: 11    God:    Okawaru [*****.]
Gold:   737        SH:  0    Dex:  9    Spells: 12/12 levels left

rFire   . . .        o - +5 flail
rCold   . . .        c - +0 buckler
rNeg    + + +        L - +0 chain mail
rPois   ∞            (no helmet)
rElec   .            i - +0 cloak
rCorr   .            (no gloves)
SInv    .            (no barding)
Will    .....        Q - amulet of the acrobat Stlth
                     D - +4 ring of protection
HPRegen 0.40/turn    P - +4 ring of slaying
MPRegen 0.13/turn

%: acrobat, roll
@: petrified, grasped by roots, hasted, constricted
A: large, rugged brown scales 3, deformed body, armoured tail, roll, long
tongue, awkward tongue
a: Renounce Religion, Heroism, Finesse, Duel


You were on level 12 of the Dungeon.
You worshipped Okawaru.
Okawaru was extremely pleased with you.
You visited 2 branches of the dungeon, and saw 13 of its levels.
You also visited: Ossuary.

You collected 782 gold pieces.
You spent 45 gold pieces at shops.

Inventory:

Hand Weapons
 f - a +1 dire flail of protection
 h - a +0 flail of holy wrath
 n - a +2 whip of draining
 o - a +5 flail (weapon)
 H - a +5 morningstar
Missiles
 t - 35 poisoned darts (quivered)
 y - 6 curare-tipped darts
 N - 3 atropa-tipped darts
Armour
 c - a +0 buckler (worn)
 i - a +0 cloak (worn)
 L - a +0 chain mail (worn)
 T - a +0 plate armour
 V - the -1 helmet of Kebon {rF++ Int+2}
   (Okawaru gifted it to you on level 10 of the Dungeon)

   Int:       It affects your intelligence (+2).
   rF:        It greatly protects you from fire.
Jewellery
 D - a +4 ring of protection (left hand)
 I - a +6 ring of strength
 K - a ring of poison resistance
 P - a +4 ring of slaying (right hand)
 Q - an amulet of the acrobat (around neck)
Wands
 e - a wand of roots (29)
 s - a wand of flame (30)
 B - a wand of light (10)
Scrolls
 g - 9 scrolls of teleportation
 k - a scroll of fear
 l - 3 scrolls of amnesia
 q - a scroll of butterflies
 z - 2 scrolls of poison
 A - a scroll of fog
 E - a scroll of blinking
 F - a scroll of magic mapping
 J - a scroll of brand weapon
 M - a scroll of silence
 O - a scroll of enchant armour
 R - a scroll of immolation
 W - a scroll of vulnerability
Potions
 a - a potion of ambrosia
 d - 3 potions of flight
 j - 9 potions of curing
 p - 8 potions of mutation
 v - 2 potions of cancellation
 w - 3 potions of attraction
 x - 2 potions of lignification


   Skills:
 + Level 10.5 Fighting
 + Level 12.6 Maces & Flails
 - Level 4.7 Throwing
 + Level 13.6 Armour
 - Level 3.7 Dodging
 - Level 5.1 Shields
 - Level 5.3 Evocations


You had 12 spell levels left.
You didn't know any spells.
Your spell library contained the following spells:

 Spells                   Type           Power      Damage    Failure   Level
 Magic Dart               Conj           0%         1d3       83%         1
 Slow                     Hex            0%         N/A       83%         1
 Confusing Touch          Hex            0%         N/A       99%         3
 Inner Flame              Hex/Fire       0%         N/A       99%         3
 Mephitic Cloud           Conj/Pois/Air  0%         N/A       99%         3
 Vampiric Draining        Necr           0%         2d6       99%         3
 Volatile Blastmotes      Fire/Tloc      0%         2d10      99%         3
 Flame Wave               Conj/Fire      0%         2d4       100%        4
 Fulminant Prism          Conj/Hex       0%         3d5       100%        4
 Iskenderun's Mystic Bla  Conj/Tloc      0%         2d3       100%        4
 Sticky Flame             Conj/Fire      0%         2d3       100%        4
 Lee's Rapid Deconstruct  Erth           0%         3d4*      100%        5
 Call Imp                 Summ           Unusable   N/A       N/A         2

Dungeon Overview and Level Annotations

Branches:
Dungeon (12/15) Zot: 26858  Temple (1/1) D:4 Zot: 5738    Lair (0/5) D:11
    Orc (0/2) D:9         Ossuary (visited)

Altars:
Ashenzari
Cheibriados
Dithmenos
Elyvilon
Fedhas
Gozag
Hepliaklqana
Kikubaaqudgha
Makhleb
Nemelex Xobeh
Okawaru
Qazlal
Ru
Sif Muna
Trog
Uskayaw
Vehumet
Wu Jian
Xom
Yredelemnul
Zin
The Shining One

Shops:
D:1 =*   D:4 *   D:5 :

Annotations:
D:5 3 runed translucent doors, exclusion: downstairs, DevastatorOne's ghost, amateur DrHs
D:12 Jorgrun


Innate Abilities, Weirdness & Mutations

You are completely covered in rugged brown scales. (AC +3, +7% HP)
Armour fits poorly on your strangely shaped body.
You have a long armoured tail.
You roll when moving toward enemies. (Rampage)
Your long tongue fully drains potion bottles. (2x potion effects)
Your tongue gives you trouble enunciating. (1.5x scroll delay)


Message History

Jorgrun is heavily wounded.
Jorgrun closely misses you. The grasping roots constrict you!
You bludgeon Jorgrun!!
Your tail-slap misses Jorgrun.
Jorgrun is severely wounded.
You miss Jorgrun.
Your tail-slap misses Jorgrun.
Jorgrun is severely wounded.
Jorgrun hits you with a +0 heavy quarterstaff.
The grasping roots constrict you.
You sock Jorgrun!
Jorgrun is severely wounded.
You barely miss Jorgrun.
Jorgrun is severely wounded.
Jorgrun points at you and mumbles some strange words.
The iron shot hits you!! The grasping roots constrict you!
* * * LOW HITPOINT WARNING * * *
You hit Jorgrun.
Jorgrun is severely wounded.
Jorgrun casts a spell at you.
You are slowing down.
The grasping roots constrict you!
* * * LOW HITPOINT WARNING * * *
You feel yourself speed up.
You slurp down every last drop of the potion of haste!
Jorgrun says, "'tis place shall be yer tomb!"
Jorgrun hits you but does no damage. The grasping roots constrict you!
* * * LOW HITPOINT WARNING * * *
Your limbs are stiffening.
You barely miss Jorgrun.
Your tail-slap misses Jorgrun.
Jorgrun is severely wounded.
Jorgrun hits you with a +0 heavy quarterstaff.
* * * LOW HITPOINT WARNING * * *
The grasping roots constrict you.
* * * LOW HITPOINT WARNING * * *
You have turned to stone.
Jorgrun hits you with a +0 heavy quarterstaff.
The grasping roots constrict you!
* * * LOW HITPOINT WARNING * * *
Jorgrun points at you and mumbles some strange words.
The iron shot hits you!!!
You die...

#........###<#.......#
#........#...###'#####
#.......)'.###...#
#........### #.###
##+####### #.# #.. #.#
##.. ##.####### #h#
#........# h?
#..@g....# #h#
#...<....# .#
#........# #..........
#........## #####.####
.. ##.


You could see Jorgrun.

Vanquished Creatures
  A two-headed ogre (D:11)
  3 death yaks
  Pikel (D:4)
  A deep elf pyromancer (D:12)
  A cyclops (D:11)
  2 ugly things
  A manticore (D:11)
  Maurice (D:8)
  Maggie (D:6)
  2 kobold demonologists (D:10)
  Psyche (D:10)
  A troll (D:10)
  Grinder (D:3)
  Prince Ribbit (D:8)
  Sigmund (D:2)
  4 shadows
  2 vampires
  A basilisk (D:12)
  42 yaks
  4 steam dragons
  Menkaure (D:6)
  Edmund (D:4)
  2 swamp worms (D:7)
  A water moccasin (D:6)
  3 orc warriors
  A sky beast (D:8)
  2 black bears
  An ice beast (D:8)
  2 ogres (D:5)
  9 centaurs
  A lemure (D:3)
  3 phantoms
  3 bullfrogs
  An elf zombie (Ossuary)
  7 kobold brigands
  4 gnoll sergeants
  4 scorpions
  11 wights
  4 killer bees (D:8)
  A troll zombie (D:9)
  2 howler monkeys
  A lava snake (D:8)
  4 orc priests
  2 jellies
  A hound (D:6)
  2 gnoll boudas
  A sleepcap (D:6)
  2 iguanas (D:5)
  15 orc wizards
  5 hell rats
  7 ogre zombies (D:9)
  3 mummies (Ossuary)
  Robin (D:4)
  27 gnolls
  8 adders
  2 shadow imps
  2 white imps (D:8)
  3 adder zombies (Ossuary)
  4 worms (D:3)
  2 dart slugs
  38 orcs
  A ball python (D:1)
  3 endoplasms
  3 giant cockroaches
  9 goblins
  5 hobgoblins
  5 jackals
  22 kobolds
  A quokka (D:4)
  4 bats
  A frilled lizard (D:3)
  A gnoll zombie (Ossuary)
  2 goblin skeletons (D:9)
  6 goblin zombies
  3 hobgoblin skeletons (D:9)
  6 hobgoblin zombies
  2 kobold zombies (Ossuary)
  2 orc skeletons (D:9)
  13 orc zombies (D:9)
  2 quokka zombies (Ossuary)
  4 rats
  2 rat zombies (Ossuary)
363 creatures vanquished.

Vanquished Creatures (others)
  54 plants
54 creatures vanquished.

Grand Total: 417 creatures vanquished

Notes
Turn   | Place    | Note
-------+----------+-------------------------------------------
     0 | D:1      | ketsa the Armataur Fighter began the quest for the Orb.
     0 | D:1      | Reached XP level 1. HP: 19/19 MP: 1/1
   355 | D:1      | Found Tuytaoq's Jewellery Shop.
   658 | D:1      | Found Esmiebb's Assorted Antiques.
   665 | D:1      | Bought a golden potion for 21 gold pieces
   665 | D:1      | Bought a scroll labelled VIMALA DAER for 24 gold pieces
   740 | D:2      | Reached XP level 2. HP: 26/26 MP: 2/2
   934 | D:2      | Noticed Sigmund
  1095 | D:2      | Reached XP level 3. HP: 32/32 MP: 3/3
  1153 | D:2      | Killed Sigmund
  1154 | D:2      | Reached skill level 5 in Maces & Flails
  1154 | D:2      | Reached XP level 4. HP: 27/39 MP: 4/4
  1154 | D:2      | Reached XP level 5. HP: 30/44 MP: 5/5
  1400 | D:2      | Reached XP level 6. HP: 22/53 MP: 6/6
  2005 | D:3      | Found a white marble altar of Elyvilon.
  2193 | D:3      | Noticed Grinder
  2205 | D:3      | Paralysed by Grinder for 3 turns
  2214 | D:3      | Killed Grinder
  2215 | D:3      | Reached XP level 7. HP: 33/59 MP: 7/7
  2542 | D:4      | Noticed Pikel
  2542 | D:4      | Found a blossoming altar of Fedhas.
  2729 | D:4      | Noticed Edmund
  2759 | D:4      | Killed Edmund
  2836 | D:4      | Found a staircase to the Ecumenical Temple.
  2836 | D:4      | Noticed Robin
  2873 | D:4      | Killed Robin
  2938 | Temple   | Entered the Ecumenical Temple
  3184 | Temple   | Became a worshipper of Warmaster Okawaru
  3235 | D:4      | Killed Pikel
  3235 | D:4      | Reached * piety under Okawaru
  3236 | D:4      | Reached XP level 8. HP: 62/66 MP: 8/8
  3294 | D:4      | Found a radiant altar of Vehumet.
  3319 | D:4      | Found Zutzai's Gadget Gallery.
  3633 | D:5      | Entered Level 5 of the Dungeon
  3821 | D:5      | Found Sucezisa's Tiny Tomes.
  3917 | D:5      | Reached skill level 4 in Armour
  4274 | D:5      | Found a runed translucent gate.
  4274 | D:5      | Noticed DevastatorOne's ghost (amateur DrHs)
  4274 | D:5      | Identified the +9 sling of the Foremost Defenders {drain,
                  | *Corrode rPois rC+}
  4274 | D:5      | Identified the +6 scale mail of Free Will {Int+4 Dex+3
                  | Stlth+}
  4275 | D:5      | Found a runed translucent gate.
  4276 | D:5      | Found a runed translucent gate.
  4557 | D:5      | Reached ** piety under Okawaru
  4941 | D:6      | Noticed Maggie
  5194 | D:6      | Killed Maggie
  5195 | D:6      | Reached skill level 10 in Maces & Flails
  5195 | D:6      | Reached skill level 5 in Armour
  5195 | D:6      | Reached XP level 9. HP: 42/75 MP: 9/9
  5646 | D:6      | Found a sand-covered staircase.
  5652 | Ossuary  | Entered an ossuary
  5975 | D:6      | Reached skill level 5 in Shields
  6449 | D:6      | Reached skill level 6 in Armour
  6461 | D:6      | Reached *** piety under Okawaru
  6939 | D:6      | Noticed Menkaure
  6955 | D:6      | Killed Menkaure
  7350 | D:7      | Reached skill level 5 in Fighting
  7648 | D:7      | Reached skill level 7 in Armour
  7819 | D:7      | Reached XP level 10. HP: 78/86 MP: 10/10
  7900 | D:7      | Reached **** piety under Okawaru
  7963 | D:7      | Reached skill level 9 in Armour
  7963 | D:7      | Reached skill level 5 in Evocations
  7963 | D:7      | Reached XP level 11. HP: 98/98 MP: 11/11
  7963 | D:7      | Reached XP level 12. HP: 107/107 MP: 12/12
  8961 | D:8      | Reached skill level 10 in Armour
  9199 | D:8      | Received a gift from Okawaru
  9754 | D:8      | Noticed Maurice
  9754 | D:8      | You fall into a shaft and drop 1 floor!
  9928 | D:9      | Found a staircase to the Orcish Mines.
  9930 | D:9      | Noticed Prince Ribbit
  9984 | D:8      | Killed Prince Ribbit
 10403 | D:8      | Killed Maurice
 10820 | D:9      | Reached skill level 11 in Armour
 10874 | D:9      | Reached ***** piety under Okawaru
 12153 | D:10     | Entered Level 10 of the Dungeon
 12210 | D:10     | Noticed Psyche
 12213 | D:10     | Identified the -1 helmet of Kebon {rF++ Int+2} (Okawaru
                  | gifted it to you on level 10 of the Dungeon)
 12213 | D:10     | Received a gift from Okawaru
 12245 | D:10     | Killed Psyche
 12246 | D:10     | Reached skill level 12 in Armour
 13162 | D:10     | Reached skill level 10 in Fighting
 13260 | D:10     | Reached skill level 13 in Armour
 13365 | D:10     | Found a hazy altar of Hepliaklqana.
 13945 | D:11     | Noticed a death yak
 13946 | D:11     | Found a staircase to the Lair.
 13946 | D:11     | Noticed a death yak
 14072 | D:11     | Noticed a death yak
 14079 | D:10     | Killed a death yak
 14080 | D:10     | Reached XP level 13. HP: 56/118 MP: 13/13
 15925 | D:12     | Noticed Jorgrun
 15947 | D:12     | Killed from afar by Jorgrun

Illustrated notes

Levels and vault maps discovered:
D:1:      tarquinn_simple_flora_water_b, layout_rooms, serial_shops,
          nicolae_shop_tiny_glass, nicolae_shop_pleasant_corner_grove,
          dk_noncrumbling_2
D:2:      cheibrodos_pilgrimage, layout_basic, uniq_sigmund,
          uniq_crazy_yiuf_cottage
D:3:      layout_basic, lemuel_crystal_altar, chequers_serial_rivers_small_a,
          uniq_grinder
D:4:      layout_basic, mainiacjoe_overflow_catch_the_wave,
          minmay_temple_entry_tees, nicolae_shop_gadgets, uniq_edmund,
          uniq_pikel, uniq_robin
D:5:      layout_basic, biasface_ghost_orc_armoury,
          nicolae_shop_i_like_small_books_too
D:6:      layout_loops_corners, nicolae_ossuary_entry_plus,
          kennysheep_generic_room_15, uniq_menkaure, uniq_maggie
D:7:      cheibrodos_quashed, layout_cave_pods, serial_column_ruins,
          column_ruins_square_small, column_ruins_columns_straight,
          column_ruins_open_tiny, column_ruins_grid_4, column_ruins_open_tiny,
          column_ruins_columns_corner, column_ruins_open_small, worms_lemuel
D:8:      layout_loops_cross, kennysheep_doodads, minmay_increasing_density,
          uniq_maurice
D:9:      layout_roguey, zombieorc2_lemuel, hangedman_decor_opposing,
          uniq_prince_ribbit1
D:10:     layout_cave_pools, nzn_hepliaklqana_mist_gate, uniq_psyche
D:11:     layout_cave_pools, dpeg_lair_monsters, minivault_5
D:12:     layout_roguey, chequers_serial_rivers_large_a,
          hangedman_weighted_door, uniq_jorgrun, uniq_snorg, uniq_azrael
Temple:   eino_narrow_crystal_temple

Skill      XL: |  1  2  3  4  5  6  7  8  9 10 11 12 |
---------------+-------------------------------------+-----
Maces & Flails | 2 3 5 7 9 10 11 12 | 12.6
Armour         | 5 7 9 13 | 13.6
Fighting       | 3 5 7 10 | 10.5
Shields        | 4 5 |  5.1
Throwing       | 4 |  4.7
Dodging        | 3 |  3.7
Evocations     | 5 |  5.3

Action                     |  1- 3 |  4- 6 |  7- 9 | 10-12 | 13-15 || total
---------------------------+-------+-------+-------+-------+-------++-------
  Melee: Flail             |    52 |    45 |   168 |   659 |   133 ||  1057
         Tailslap          |     6 |     9 |    54 |    92 |    21 ||   182
         Whip              |       |    70 |   278 |       |       ||   348
  Throw: Throwing net      |       |       |     1 |       |       ||     1
         Dart              |       |       |     6 |     2 |       ||     8
 Invoke: Heroism           |       |       |       |     2 |       ||     2
    Use: Potion            |     3 |       |     8 |     2 |     4 ||    17
         Scroll            |       |     4 |    12 |    10 |     1 ||    27
   Stab: Held in net/web   |       |       |     1 |       |       ||     1
 Armour: Scale mail        |    35 |    38 |   144 |    59 |       ||   276
         Skin              |       |       |     9 |       |       ||     9
         Chain mail        |       |       |       |   262 |    65 ||   327
  Dodge: Dodged            |    19 |    27 |    83 |   191 |    43 ||   363
  Block: Buckler           |    13 |    11 |    52 |   119 |    24 ||   219
